AoeStats
← hunnyimhome9

Black Forest

509518391Analyzed
4v4 RM · 5d ago on Sep 27, 2026· 64m 52s· 8 players
Game mode
Random Map
Map size
Large (8 player)
Population
200
Speed
Normal
Resources
Standard
Victory
Conquest
Starting age
Dark Age
Ending age
Imperial Age
RankedLock teamsTeams togetherTeam positionsShared explorationLock speedFull tech treeHidden civsTurbo modeCheats
Victory
Defeat
🇺🇸 Celts · United States
771
+9
🇺🇸 Ethiopians · United States
667
+13
🇵🇪 Chinese · Peru
657
+14
562
+17
🇲🇽 Huns · Mexico
708
-17
🇺🇸 Britons · United States
621
-14
🇺🇸 Varangians · United States
546
-11
🇵🇦 Spanish · Panama
544
-11
Dumbzie
0:55 Loom
14:01 Feudal Age
23:15 Castle Age
21:13 Stone Mining
21:12 Double-Bit Axe
21:12 Horse Collar
21:24 Gold Mining
31:57 Wheelbarrow
31:26 Town Watch
32:50 Caravan
33:04 Bow Saw
32:58 Heavy Plow
33:36 Gold Shaft Mining
33:20 Hand Cart
33:07 Town Patrol
36:56 Padded Archer Armor
36:47 Fletching
40:54 Imperial Age
39:41 Ballistics
39:40 Leather Archer Armor
39:21 Bodkin Arrow
42:01 Conscription
42:44 Chemistry
44:49 Elite Longbowman
46:07 Ring Archer Armor
45:37 Bracer
48:20 Yeomen
53:03 Murder Holes
53:19 Fortified Wall
59:56 Two-Man Saw
captain.wally.pippins
0:27 Loom
13:46 Feudal Age
16:52 Wheelbarrow
16:05 Double-Bit Axe
16:04 Horse Collar
16:30 Town Watch
hunnyimhome9
0:33 Loom
14:35 Feudal Age
16:02 Double-Bit Axe
16:54 Wheelbarrow
16:05 Town Watch
18:25 Arson
22:25 Padded Archer Armor
22:16 Fletching
23:11 Horse Collar
24:42 Stone Mining
24:45 Gold Mining
28:45 Castle Age
28:17 Scale Barding Armor
29:29 Caravan
30:05 Bow Saw
30:13 Hand Cart
30:39 Heavy Plow
32:09 Town Patrol
35:02 Husbandry
35:06 Light Cavalry
44:46 Gold Shaft Mining
44:34 Bloodlines
44:51 Chain Barding Armor
44:42 Forging
50:46 Imperial Age
49:26 Iron Casting
50:21 Bodkin Arrow
50:42 Leather Archer Armor
51:11 Cavalier
53:03 Hussar
54:46 Conscription
57:43 Two-Man Saw
57:53 Blast Furnace
60:23 Plate Barding Armor
59:48 Bracer
[@51]ErgoProxy
2:15 Loom
11:01 Feudal Age
11:26 Horse Collar
11:35 Double-Bit Axe
15:03 Wheelbarrow
16:52 Stone Mining
16:56 Gold Mining
19:44 Town Watch
19:56 Man-at-Arms
21:14 Forging
21:08 Scale Mail Armor
26:14 Arson
27:36 Padded Archer Armor
31:58 Castle Age
34:19 Bow Saw
35:10 Long Swordsman
37:09 Elite Skirmisher
40:31 Imperial Age
40:49 Thumb Ring
41:07 Pikeman
42:36 Leather Archer Armor
54:00 Ring Archer Armor
56:31 Fletching
57:18 Iron Casting
56:50 Scale Barding Armor
57:02 Chain Mail Armor
58:40 Town Patrol
DuceDubz
0:33 Loom
19:15 Feudal Age
20:12 Horse Collar
22:38 Wheelbarrow
22:19 Gold Mining
23:30 Stone Mining
26:27 Fletching
26:48 Forging
26:39 Scale Mail Armor
29:06 Castle Age
27:12 Arson
32:04 Caravan
32:35 Coinage
33:07 Stone Shaft Mining
33:16 Gold Shaft Mining
33:44 Heavy Plow
33:35 Double-Bit Axe
33:33 Pikeman
35:04 Hand Cart
36:02 Bow Saw
39:48 Imperial Age
38:35 Bodkin Arrow
39:15 Iron Casting
38:56 Chain Mail Armor
38:38 Stronghold
40:38 Ballistics
42:30 Onager
43:21 Siege Engineers
44:17 Chemistry
45:03 Siege Onager
46:13 Guilds
46:37 Banking
48:26 Halberdier
53:34 Furor Celtica
52:45 Elite Woad Raider
58:20 Blast Furnace
63:37 Plate Mail Armor
愛 (Touhou Project's Version)
0:32 Loom
11:42 Feudal Age
14:10 Double-Bit Axe
14:07 Horse Collar
16:02 Wheelbarrow
20:24 Gold Mining
20:25 Stone Mining
24:52 Castle Age
27:01 Thumb Ring
26:18 Crossbowman
27:26 Bow Saw
28:43 Stone Shaft Mining
31:59 Hand Cart
32:55 Town Watch
33:18 Squires
35:21 Chatras
35:37 Town Patrol
36:05 Caravan
37:16 Heavy Plow
37:50 Herbal Medicine
37:53 Fletching
38:03 Padded Archer Armor
38:16 Forging
38:12 Scale Barding Armor
38:07 Scale Mail Armor
38:53 Fortified Wall
39:04 Ballistics
38:48 Murder Holes
40:28 Leather Archer Armor
40:08 Bodkin Arrow
40:50 Iron Casting
41:39 Chain Barding Armor
45:09 Imperial Age
45:22 Arbalester
46:36 Ring Archer Armor
46:07 Bracer
46:46 Plate Barding Armor
46:27 Chain Mail Armor
47:24 Chemistry
47:20 Bloodlines
47:11 Husbandry
48:26 Paper Money
49:30 Two-Man Saw
49:06 Crop Rotation
51:10 Elite Battle Elephant
52:31 Plate Mail Armor
52:08 Siege Engineers
55:07 Bombard Tower
56:13 Elite Rattan Archer
hoan
11:30 Feudal Age
9:45 Loom
11:56 Double-Bit Axe
12:10 Horse Collar
15:40 Town Watch
16:14 Man-at-Arms
16:54 Gold Mining
16:54 Stone Mining
18:28 Forging
18:05 Arson
23:45 Castle Age
23:04 Fletching
23:52 Crossbowman
24:37 Thumb Ring
26:01 Wheelbarrow
26:07 Gold Shaft Mining
26:08 Stone Shaft Mining
25:44 Bow Saw
26:24 Town Patrol
27:07 Squires
29:08 Ballistics
34:05 Imperial Age
31:43 Heavy Plow
33:00 Caravan
34:02 Bodkin Arrow
34:09 Padded Archer Armor
34:46 Iron Casting
35:08 Conscription
34:11 Capped Ram
36:26 Chemistry
38:05 Husbandry
38:16 Bloodlines
38:59 Siege Ram
40:45 Bracer
41:36 Arbalester
44:35 Leather Archer Armor
44:46 Hand Cart
45:36 Two-Man Saw
47:45 Ring Archer Armor
47:29 Elite Chu Ko Nu
53:14 Pikeman
55:33 Halberdier
61:38 Scale Mail Armor
62:39 Blast Furnace
63:24 Heavy Scorpion
CHIP
1:12 Loom
17:54 Feudal Age
18:34 Horse Collar
18:40 Double-Bit Axe
18:48 Gold Mining
18:48 Stone Mining
21:12 Wheelbarrow
24:32 Man-at-Arms
26:31 Forging
26:22 Scale Mail Armor
26:12 Fletching
26:23 Padded Archer Armor
28:39 Castle Age
28:44 Crossbowman
28:47 Long Swordsman
29:28 Squires
29:13 Arson
30:41 Thumb Ring
32:19 Gold Shaft Mining
32:22 Stone Shaft Mining
32:30 Heavy Plow
32:27 Elite Skirmisher
33:57 Hand Cart
34:11 Bow Saw
35:53 Leather Archer Armor
35:49 Bodkin Arrow
36:30 Iron Casting
36:10 Chain Mail Armor
36:19 Chain Mail Armor
38:48 Ballistics
39:58 Scale Barding Armor
39:58 Caravan
41:06 Royal Heirs
43:46 Imperial Age
45:47 Two-Man Saw
46:38 Chemistry
45:43 Bracer
46:13 Ring Archer Armor
46:44 Blast Furnace
46:14 Plate Mail Armor
46:05 Chain Barding Armor
49:34 Siege Engineers
48:54 Arbalester
48:57 Imperial Skirmisher
53:34 Onager
54:42 Heavy Camel Rider
55:24 Husbandry
62:16 Siege Onager
Connection lost

Rejoining the realm…

Still unreachable

The connection could not be restored.

Session expired

The server has moved on; the page needs a fresh start.